 Dungeon Sprint DCSS version 0.19-a0-1834-g6b7851e (webtiles) character file.

106 George the Ruffian (level 4, -5/49 HPs)
             Began as a Troll Monk on Oct 9, 2016.
             Was a Believer of Cheibriados.
             Slain by a troll (10 damage)
             ... in the Dungeon (Sprint IX: "|||||||||||||||||||||||||||||").
             The game lasted 00:01:33 (118 turns).

George the Ruffian (Troll Monk)                      Turns: 118, Time: 00:01:34

Health: -5/49      AC:  5    Str: 24    XL:     4   Next: 55%
Magic:  0/4        EV: 13    Int: 17    God:    Cheibriados [**....]
Gold:   0          SH:  0    Dex: 18    Spells: 0 memorised, 3 levels left

rFire  . . .     SeeInvis .       - Unarmed
rCold  . . .     Gourm    +     a - +0 robe
rNeg   . . .     Faith    .     (no shield)
rPois  .         Spirit   .     (helmet restricted)
rElec  .         Dismiss  .     (no cloak)
rCorr  .         Reflect  .     (gloves unavailable)
MR     .....     Harm     .     (boots unavailable)
Stlth  ++........ NoTele   +    (no amulet)
                                o - +3 ring of intelligence
                                n - +3 ring of intelligence

@: lethally poisoned (-5 -> -6), very slow
A: unfitting armour, claws 3, fast metabolism 3, gourmand, regeneration 1,
shaggy fur 1, tough skin 2
a: Bend Time, Renounce Religion


You were in the Dungeon.
You worshipped Cheibriados.
Cheibriados was pleased with you.
You were full.

You visited 1 branch

Inventory:

Hand Weapons
 m - a +2 dire flail of protection
Armour
 a - a +0 robe (worn)
Jewellery
 n - a +3 ring of intelligence (left claw)
 o - a +3 ring of intelligence (right claw)
Wands
 l - a wand of acid (7/15)
Scrolls
 h - 2 scrolls of blinking
 j - 3 scrolls of remove curse
 k - 2 scrolls of amnesia
Potions
 c - 5 potions of curing
 d - 2 potions of heal wounds
 e - a potion of haste
 f - 4 potions of magic
 g - a potion of berserk rage
 i - a potion of invisibility
Comestibles
 b - 2 bread rations


   Skills:
 + Level 4.8 Fighting
 + Level 4.9 Dodging
 - Level 1.0 Stealth
 + Level 5.9 Unarmed Combat
 + Level 1.3 Invocations


You had 3 spell levels left.
You didn't know any spells.

Dungeon Overview and Level Annotations

Branches:
Dungeon (1/1)

Altars:
Cheibriados
Dithmenos
Elyvilon
Fedhas
Gozag
Hepliaklqana
Kikubaaqudgha
Makhleb
Nemelex Xobeh
Okawaru
Qazlal
Ru
Sif Muna
Trog
Uskayaw
Vehumet
Xom
Yredelemnul
Zin
The Shining One
Beogh
Jiyva
Lugonu


Innate Abilities, Weirdness & Mutations

You are too large for most types of armour.
You have claws for hands.
Your metabolism is lightning-fast.
You like to eat raw meat.
Your natural rate of healing is unusually fast.
You are covered in fur. (AC +1)
You have very tough skin. (AC +2)


Message History

Cheibriados rebukes the crimson imp.
The crimson imp seems to slow down.
You feel slightly less full.
You feel sick. The troll barely misses you. The troll claws you!
The troll barely misses you. The crimson imp barely misses you.
You claw the troll!
The troll is heavily wounded.
The troll bites you! The troll claws you!
* * * LOW HITPOINT WARNING * * *
The troll claws you.
* * * LOW HITPOINT WARNING * * *
The crimson imp barely misses you.
You feel much better.
You feel sick. The troll misses you. The troll claws you. The troll claws you!
* * * LOW HITPOINT WARNING * * *
You scratch the troll. You claw the troll.
The troll is severely wounded.
The troll barely misses you. The troll claws you.
* * * LOW HITPOINT WARNING * * *
The troll claws you!
You die...

▓.▓
▓|▓
▓)▓
▓[▓
▓[▓
▓[▓
▓.▓
▓5▓
▓@▓
▓T▓
▓h▓
▓Y▓
▓l▓
▓.▓
▓.▓
▓+▓


You could see a troll, a wyvern, an ice beast, a hound and a crimson imp.

Vanquished Creatures
  A hound (D)
  An orc priest (D)
  A worker ant (D)
  A shadow imp (D)
  An ooze (D)
  2 orcs (D)
  2 goblins (D)
  2 kobolds (D)
11 creatures vanquished.

Vanquished Creatures (others)
  A spatial maelstrom (D)
1 creature vanquished.

Grand Total: 12 creatures vanquished

Notes
Turn   | Place    | Note
-------+----------+-------------------------------------------
     0 | D        | George the Troll Monk began the quest for the Orb.
     0 | D        | Reached XP level 1. HP: 22/22 MP: 0/0
    13 | D        | Reached XP level 2. HP: 28/31 MP: 1/1
    15 | D        | Banished a spatial maelstrom
    36 | D        | Reached skill level 4 in Unarmed Combat
    38 | D        | Reached XP level 3. HP: 39/39 MP: 2/2
    39 | D        | Reached skill level 5 in Unarmed Combat
    39 | D        | Reached XP level 4. HP: 49/49 MP: 3/3
    59 | D        | Found a roughly hewn altar of Beogh.
    59 | D        | Found a snail-covered altar of Cheibriados.
    59 | D        | Found a shadowy altar of Dithmenos.
    59 | D        | Found a white marble altar of Elyvilon.
    59 | D        | Found a blossoming altar of Fedhas.
    59 | D        | Found an opulent altar of Gozag.
    60 | D        | Found a hazy altar of Hepliaklqana.
    61 | D        | Found a viscous altar of Jiyva.
    62 | D        | Found an ancient bone altar of Kikubaaqudgha.
    63 | D        | Became a worshipper of Cheibriados the Contemplative
    63 | D        | Reached * piety under Cheibriados
    63 | D        | Reached ** piety under Cheibriados
    64 | D        | Found a corrupted altar of Lugonu.
    65 | D        | Found a burning altar of Makhleb.
    66 | D        | Found a sparkling altar of Nemelex Xobeh.
    67 | D        | Found an iron altar of Okawaru.
    68 | D        | Found a stormy altar of Qazlal.
    69 | D        | Found a sacrificial altar of Ru.
    70 | D        | Found a deep blue altar of Sif Muna.
    71 | D        | Found a bloodstained altar of Trog.
    72 | D        | Found a hide-covered altar of Uskayaw.
    73 | D        | Found a radiant altar of Vehumet.
    74 | D        | Found a shimmering altar of Xom.
    75 | D        | Found a basalt altar of Yredelemnul.
    76 | D        | Found a glowing silver altar of Zin.
    77 | D        | Found a glowing golden altar of the Shining One.
   107 | D        | Noticed a troll
   107 | D        | Noticed an ice beast
   107 | D        | Noticed a wyvern
   113 | D        | Reached skill level 1 in Invocations
   118 | D        | Slain by a troll

Vault maps used:
D:        linesprint

Skill      XL: |  1  2  3  4 |
---------------+-------------+-----
Fighting       | 3 4 |  4.8
Dodging        | 3 4 |  4.9
Unarmed Combat | 4 5 |  5.9
Invocations    | 1 |  1.3
Stealth        | |  1.0

Action                   |  1- 3 |  4- 6 || total
-------------------------+-------+-------++-------
Melee: Unarmed           |    15 |    11 ||    26
       Punch             |       |     2 ||     2
Invok: Bend Time         |       |     1 ||     1
  Use: Potion            |       |     1 ||     1
  Eat: Chunk             |     2 |     1 ||     3
Armor: Robe              |     3 |     1 ||     4
Dodge: Dodged            |     8 |     9 ||    17
